 Dungeon Sprint DCSS version 0.15-a0-1206-g3bad1a6 (webtiles) character file.

4800000 Infinimo the Axe Maniac (level 24, -9/181 HPs)
             Began as a Gargoyle Gladiator on June 1, 2014.
             Was the Champion of Makhleb.
             Mangled by The Servant
             ... wielding a +9,+9 glaive of flaming
              (58 damage)
             ... in the Dungeon (Sprint VIII: "Arena of Blood").
             The game lasted 00:01:29 (48 turns).

Infinimo the Axe Maniac (Gargoyle Gladiator)          Turns: 48, Time: 00:01:29

HP  -9/181       AC 26     Str 21      XL: 24   Next:  4%
MP  23/48        EV 33     Int 11      God: Makhleb [******]
Gold 0           SH  0     Dex 18      Spells:  0 memorised, 77 levels left

rFire  . . .     SeeInvis .     l - +∞ Axe of Woe
rCold  . . .     Clarity  .     b - +0 leather armour
rNeg   + . .     rCorr    .     (no shield)
rPois  +         rRot     +     c - +0 helmet
rElec  +         Spirit   .     (no cloak)
SustAb .         Warding  .     (no gloves)
rMut   .         NoTele   +     (no boots)
Gourm  .                        (no amulet)
MR     +....                    (no ring)
                                (no ring)

@: somewhat resistant to hostile enchantments, incredibly stealthy
A: able to fly continuously, large and strong wings, life protection 1,
electricity resistance, unbreathing, petrification resistance, rot immunity, AC
+17
a: Fly, Minor Destruction, Lesser Servant of Makhleb, Major Destruction, Greater
Servant of Makhleb, Renounce Religion


You were in the Dungeon.
You worshipped Makhleb.
Makhleb was exalted by your worship.
You were not hungry.

You visited 1 branch

Inventory:

Hand weapons
 a - a +0,+0 war axe
 l - the +∞,+∞ Axe of Woe (weapon)
   (You found it in the Dungeon)
Missiles
 d - 3 throwing nets (quivered)
Armour
 b - a +0 leather armour (worn)
 c - a +0 helmet (worn)
Comestibles
 f - a bread ration
Scrolls
 k - a scroll of blinking
Potions
 e - a potion of curing
 g - a potion of heal wounds
 h - a potion of haste
 i - 2 potions of magic
 j - a potion of berserk rage


   Skills:
 O Level 27 Fighting
 O Level 27 Axes
 O Level 27 Throwing
 O Level 27 Armour
 O Level 27 Dodging
 O Level 27 Stealth
 O Level 27 Unarmed Combat
 O Level 27 Spellcasting
 O Level 27 Invocations


You had 77 spell levels left.
You didn't know any spells.

Dungeon Overview and Level Annotations

Branches:
Dungeon (1/1)

Altars:
Makhleb

Annotations:
D The Servant


Innate Abilities, Weirdness & Mutations

You are resistant to torment.
You are immune to poison.
You can fly continuously.
Your stone body is very resilient (AC +17).
Your wings are large and strong.
You resist negative energy.
You are resistant to electric shocks.
You can survive without breathing.
You are immune to petrification.
You are immune to rotting.


Message History

The large bag of meat explodes!
The fiery explosion engulfs you!
The fiery explosion engulfs the bag of meat.
The fiery explosion engulfs the destroyer.
The fiery explosion engulfs The Servant.
The fiery explosion engulfs the bag of meat.
Makhleb accepts your kill.
You have reached level 24!
Your experience leads to an increase in your attributes!
Increase (S)trength, (I)ntelligence, or (D)exterity?
You feel agile.
You feel stronger.
The bag of meat is engulfed in roaring flames.
You hear a shout! x2
The destroyer blinks!
You hear a shout! x2
The Servant hits you from afar with a +9,+9 glaive of flaming!!!!
Ouch! That really hurt!
* * * LOW HITPOINT WARNING * * *
The Servant burns you!!!
You die...

...... ..# .......
.....# .......o
......#
.....o....##..L..#
#.........o......#
..§......###.O.%.#
)............V...#
)....#.#.........#
..............§§@#
...@#.#.#.....@§§#
...)§.....%.o).Oo#
..%..#)#)#.§#o)Vo#
#.....))§§)#o§o§o#
....%.))§§).#)...#
........§§)#....%#
.....§.........%.#
..#...#......##..#


You could see a tyrant, The Servant, 2 destroyers, 2 meat berserkers and 8 bags
of meat.

Vanquished Creatures
  3 hill giants (D)
  13 ogres (D)
  37 orcs (D)
  4 vampire knights (D)
57 creatures vanquished.

Notes
Turn   | Place    | Note
--------------------------------------------------------------
     0 | D        | Infinimo, the Gargoyle Gladiator, began the quest for the Orb.
     0 | D        | Reached XP level 1. HP: 12/12 MP: 1/1
     2 | D        | Noticed a bag of meat
     2 | D        | Noticed a bag of meat
     3 | D        | Noticed a bag of meat
     3 | D        | Became a worshipper of Makhleb the Destroyer
     4 | D        | Noticed a bag of meat
     5 | D        | Noticed a bag of meat
     5 | D        | Noticed a bag of meat
     5 | D        | Noticed a meat berserker
     6 | D        | Killed a meat berserker
     6 | D        | Reached skill level 15 in Fighting
     6 | D        | Reached XP level 2. HP: 14/35 MP: 2/2
     6 | D        | Reached XP level 3. HP: 16/40 MP: 3/3
     6 | D        | Reached XP level 4. HP: 18/45 MP: 4/4
     6 | D        | Reached XP level 5. HP: 20/50 MP: 5/5
     6 | D        | Reached XP level 6. HP: 22/56 MP: 6/6
     6 | D        | Reached XP level 7. HP: 23/60 MP: 7/7
     6 | D        | Reached XP level 8. HP: 25/66 MP: 8/8
     6 | D        | Reached XP level 9. HP: 26/71 MP: 9/9
     6 | D        | Reached XP level 10. HP: 27/76 MP: 10/10
     6 | D        | Reached XP level 11. HP: 28/81 MP: 11/11
     7 | D        | Noticed a meat berserker
     7 | D        | Killed a meat berserker
     7 | D        | Acquired Makhleb's first power
     7 | D        | Reached skill level 19 in Axes
     7 | D        | Reached XP level 12. HP: 30/87 MP: 12/12
     8 | D        | Killed a bag of meat
     8 | D        | Reached skill level 22 in Axes
     8 | D        | Reached XP level 13. HP: 31/92 MP: 13/13
     8 | D        | Killed a bag of meat
     8 | D        | Reached skill level 24 in Axes
     8 | D        | Gained mutation: Your wings are large and strong. [gargoyle growth]
     8 | D        | Reached XP level 14. HP: 83/98 MP: 14/14
     8 | D        | Killed a bag of meat
     8 | D        | Acquired Makhleb's second power
     8 | D        | Reached skill level 26 in Axes
     9 | D        | Noticed a meat berserker
    10 | D        | Killed a bag of meat
    10 | D        | Reached skill level 27 in Axes
    10 | D        | Reached XP level 15. HP: 101/104 MP: 15/15
    10 | D        | Killed a meat berserker
    10 | D        | Reached skill level 10 in Armour
    10 | D        | Killed a bag of meat
    10 | D        | Acquired Makhleb's third power
    10 | D        | Reached skill level 15 in Dodging
    11 | D        | Noticed a meat berserker
    12 | D        | Noticed a meat berserker
    12 | D        | Noticed a bag of meat
    13 | D        | Noticed a bag of meat
    13 | D        | Noticed a bag of meat
    13 | D        | Noticed a bag of meat
    13 | D        | Noticed a bag of meat
    15 | D        | Noticed a meat berserker
    15 | D        | Noticed a bag of meat
    15 | D        | Killed a bag of meat
    15 | D        | Reached skill level 15 in Armour
    15 | D        | Reached XP level 16. HP: 78/120 MP: 16/16
    15 | D        | Killed a meat berserker
    15 | D        | Killed a bag of meat
    15 | D        | Acquired Makhleb's fourth power
    15 | D        | Killed a meat berserker
    16 | D        | Noticed a bag of meat
    16 | D        | Noticed a bag of meat
    17 | D        | Noticed a bag of meat
    17 | D        | Noticed a bag of meat
    18 | D        | Noticed a bag of meat
    18 | D        | Noticed a destroyer
    18 | D        | Noticed a bag of meat
    19 | D        | Noticed a bag of meat
    20 | D        | Noticed a bag of meat
    20 | D        | Noticed a bag of meat
    21 | D        | Noticed a bag of meat
    21 | D        | Noticed a meat berserker
    21 | D        | Noticed a large bag of meat
    21 | D        | Killed a meat berserker
    21 | D        | Reached XP level 17. HP: 102/132 MP: 17/17
    21 | D        | Killed a bag of meat
    23 | D        | Noticed a bag of meat
    23 | D        | Noticed a bag of meat
    23 | D        | Noticed a bag of meat
    24 | D        | Noticed a meat berserker
    24 | D        | Noticed a bag of meat
    24 | D        | Noticed a bag of meat
    24 | D        | Noticed a destroyer
    24 | D        | Noticed a bag of meat
    24 | D        | Noticed a meat berserker
    25 | D        | Noticed a bag of meat
    25 | D        | Noticed a destroyer
    25 | D        | Killed a bag of meat
    25 | D        | Acquired Makhleb's fifth power
    25 | D        | Killed a bag of meat
    25 | D        | Killed a bag of meat
    25 | D        | Reached skill level 27 in Fighting
    25 | D        | Reached XP level 18. HP: 143/145 MP: 18/18
    25 | D        | Killed a meat berserker
    26 | D        | Noticed a bag of meat
    26 | D        | Noticed a meat berserker
    26 | D        | Noticed a meat berserker
    26 | D        | Noticed a bag of meat
    26 | D        | Noticed a bag of meat
    26 | D        | Noticed a bag of meat
    27 | D        | Noticed a bag of meat
    27 | D        | Noticed a destroyer
    27 | D        | Noticed a bag of meat
    27 | D        | Killed a meat berserker
    27 | D        | Reached skill level 27 in Armour
    27 | D        | Killed a bag of meat
    27 | D        | Killed a bag of meat
    28 | D        | Noticed a large bag of meat
    28 | D        | Killed a destroyer
    28 | D        | Reached skill level 27 in Dodging
    28 | D        | Reached skill level 15 in Throwing
    28 | D        | Reached skill level 5 in Unarmed Combat
    28 | D        | Reached skill level 5 in Spellcasting
    28 | D        | Reached XP level 19. HP: 151/151 MP: 18/29
    29 | D        | Noticed a bag of meat
    29 | D        | Noticed a meat berserker
    29 | D        | Killed a bag of meat
    29 | D        | Reached skill level 10 in Stealth
    29 | D        | Killed a bag of meat
    29 | D        | Reached skill level 10 in Unarmed Combat
    29 | D        | Killed a bag of meat
    29 | D        | Reached skill level 10 in Spellcasting
    29 | D        | Killed a bag of meat
    29 | D        | Reached skill level 15 in Stealth
    29 | D        | Killed a meat berserker
    29 | D        | Reached skill level 15 in Invocations
    29 | D        | Reached XP level 20. HP: 157/157 MP: 18/38
    30 | D        | Killed a bag of meat
    30 | D        | Reached skill level 15 in Unarmed Combat
    30 | D        | Killed a bag of meat
    30 | D        | Killed a bag of meat
    30 | D        | Reached skill level 15 in Spellcasting
    30 | D        | Killed a meat berserker
    31 | D        | Noticed a bag of meat
    32 | D        | Killed a bag of meat
    32 | D        | Killed a bag of meat
    32 | D        | Reached XP level 21. HP: 144/163 MP: 18/42
    32 | D        | Killed a meat berserker
    32 | D        | Killed a bag of meat
    32 | D        | Killed a bag of meat
    33 | D        | Noticed a bag of meat
    33 | D        | Noticed a meat berserker
    33 | D        | Noticed a destroyer
    33 | D        | Noticed The Servant
    33 | D        | Killed a bag of meat
    33 | D        | Killed a bag of meat
    33 | D        | Killed a large bag of meat
    33 | D        | Killed a meat berserker
    33 | D        | Reached XP level 22. HP: 169/169 MP: 18/44
    34 | D        | Noticed a bag of meat
    34 | D        | Noticed a bag of meat
    36 | D        | Noticed a bag of meat
    36 | D        | Killed a large bag of meat
    37 | D        | Noticed a meat berserker
    37 | D        | Killed a bag of meat
    37 | D        | Reached skill level 27 in Stealth
    37 | D        | Killed a bag of meat
    37 | D        | Killed a bag of meat
    37 | D        | Reached skill level 27 in Throwing
    38 | D        | Noticed a bag of meat
    38 | D        | Killed a bag of meat
    38 | D        | Reached skill level 27 in Invocations
    38 | D        | Killed a bag of meat
    38 | D        | Killed a bag of meat
    39 | D        | Killed a bag of meat
    39 | D        | Reached skill level 27 in Unarmed Combat
    40 | D        | Noticed a bag of meat
    40 | D        | Noticed a large bag of meat
    40 | D        | Noticed a bag of meat
    41 | D        | Noticed a bag of meat
    41 | D        | Killed a meat berserker
    41 | D        | Reached skill level 27 in Spellcasting
    41 | D        | Reached XP level 23. HP: 127/175 MP: 20/48
    42 | D        | Noticed a destroyer
    43 | D        | Noticed a bag of meat
    44 | D        | Killed a bag of meat
    44 | D        | Killed a bag of meat
    44 | D        | Killed a bag of meat
    44 | D        | Killed a destroyer
    45 | D        | Killed a destroyer
    45 | D        | Killed a destroyer
    47 | D        | Noticed a tyrant
    47 | D        | Noticed a meat berserker
    48 | D        | Killed a bag of meat
    48 | D        | Killed a large bag of meat
    48 | D        | Reached XP level 24. HP: 173/181 MP: 22/48
    48 | D        | Mangled by The Servant

Action                   |  1- 3 |  4- 6 |  7- 9 | 10-12 | 13-15 | 16-18 | 19-21 | 22-24 || total
-------------------------+-------+-------+-------+-------+-------+-------+-------+-------++-------
Melee: Executioner's axe |     1 |       |       |     2 |     2 |     4 |     4 |     8 ||    21
